TOP OF THE 1ST |
Burlington Royals batting - Pitching for Detroit (APP) Tigers : LHP Jayden Carey
|
Pitching: LHP Jayden Carey
|
|
Batting: RHB Jon Shonka
|
0-0: Ground out 6-3 (Groundball, 6, EV 88.8 MPH)
|
Batting: LHB Pablo Serrato
|
0-0: SOLO HOME RUN (Line Drive, 9LD, EV 92.5 MPH), Distance : 336 ft
|
Batting: RHB Mike Bearden
|
0-0: Called Strike 0-1: Ball 1-1: Called Strike 1-2: Ball 2-2: Ground out 5-3 (Groundball, 5S, EV 89.4 MPH)
|
Batting: RHB Carlos Almada
|
0-0: Swinging Strike 0-1: Ball 1-1: Ball 2-1: Foul Ball, location: 2F 2-2: Ball 3-2: Foul Ball, location: 2F 3-2: Foul Ball, location: 2F 3-2: Strikes out looking
|
Top of the 1st over - 1 run, 1 hit, 0 errors, 0 left on base; Burlington 1 - Detroit (APP) 0 |
BOTTOM OF THE 1ST |
Detroit (APP) Tigers batting - Pitching for Burlington Royals : RHP Brian Hunt
|
Pitching: RHP Brian Hunt
|
|
Batting: RHB Yasutaka Yamasaki
|
0-0: Ball 1-0: Ground out 5-3 (Groundball, 56, EV 81.9 MPH)
|
Batting: RHB Ernst Meloche
|
0-0: Ball 1-0: Ball 2-0: Called Strike 2-1: Fly out, F9 (Flyball, 89D, EV 93.8 MPH)
|
Batting: RHB Juan Acero
|
0-0: Ball 1-0: Ball 2-0: Foul Ball, location: 2F 2-1: Called Strike 2-2: Ball 3-2: Strikes out swinging
|
Bottom of the 1st over - 0 runs, 0 hits, 0 errors, 0 left on base; Burlington 1 - Detroit (APP) 0 |
TOP OF THE 2ND |
Burlington Royals batting - Pitching for Detroit (APP) Tigers : LHP Jayden Carey
|
Batting: LHB Vicente Hernandez
|
0-0: Ball 1-0: Ground out 5-3 (Groundball, 56, EV 86.2 MPH)
|
Batting: LHB David Bearden
|
0-0: Ball 1-0: Foul Ball, location: 2F 1-1: Foul Ball, location: 2F 1-2: Foul Ball, location: 2F 1-2: Foul Ball, location: 2F 1-2: Ball 2-2: Strikes out looking
|
Batting: RHB Jonas Fernandez
|
0-0: Ball 1-0: Foul Ball, location: 2F 1-1: Foul Ball, location: 2F 1-2: Foul Ball, location: 2F 1-2: Fly out, F8 (Flyball, 89XD, EV 101.2 MPH)
|
Top of the 2nd over - 0 runs, 0 hits, 0 errors, 0 left on base; Burlington 1 - Detroit (APP) 0 |
BOTTOM OF THE 2ND |
Detroit (APP) Tigers batting - Pitching for Burlington Royals : RHP Brian Hunt
|
Batting: RHB Nate Dabney
|
0-0: Ball 1-0: Called Strike 1-1: Foul Ball, location: 2F 1-2: Foul Ball, location: 2F 1-2: Foul Ball, location: 2F 1-2: SINGLE (Groundball, 56D, EV 105.0 MPH)
|
Batting: RHB Brandon Everett
|
0-0: Called Strike 0-1: Foul Ball, location: 2F 0-2: Ball 1-2: SINGLE (Line Drive, 34D, EV 100.0 MPH) Nate Dabney to second Runner from 2nd tries for 3rd, SAFE, throw by RF made to third
|
Batting: RHB Norm Wood
|
0-0: Ball 1-0: Foul Ball, location: 2F 1-1: Ball 2-1: Fielders Choice at 2nd, 6-4 (Groundball, 6, EV 85.0 MPH) Nate Dabney scores
|
Batting: LHB Glen Boyle
|
0-0: Ball 1-0: Foul Ball, location: 2F 1-1: Foul Ball, location: 2F 1-2: Fielders Choice at 2nd, 4-6 (Groundball, 4, EV 83.1 MPH)
|
Batting: LHB Timotheus Young
|
0-0: Ball 1-0: Ball 2-0: Ball 3-0: Called Strike 3-1: Called Strike 3-2: Base on Balls Glen Boyle to second
|
Batting: RHB Billy Verdusco
|
0-0: Called Strike 0-1: SINGLE (Groundball, 56D, EV 101.2 MPH) Glen Boyle to third Timotheus Young to second Runner from 3rd tries for Home, SAFE, throw by LF to home
|
Batting: RHB Yasutaka Yamasaki
|
0-0: Ball 1-0: Ball 2-0: Ball Wild Pitch! Timotheus Young to third Billy Verdusco to second 3-0: Called Strike 3-1: Base on Balls
|
Batting: RHB Ernst Meloche
|
0-0: Called Strike 0-1: Swinging Strike 0-2: Ball 1-2: Strikes out swinging
|
Bottom of the 2nd over - 2 runs, 3 hits, 0 errors, 3 left on base; Burlington 1 - Detroit (APP) 2 |
TOP OF THE 3RD |
Burlington Royals batting - Pitching for Detroit (APP) Tigers : LHP Jayden Carey
|
Batting: RHB Ian Hornsby
|
0-0: Swinging Strike 0-1: Ball 1-1: Foul Ball, location: 2F 1-2: Strikes out swinging
|
Batting: RHB Carlos Santoni
|
0-0: Ground out 5-3 (Groundball, 56, EV 81.9 MPH)
|
Batting: RHB Jon Shonka
|
0-0: Ball 1-0: Ball 2-0: Fly out, F8 (Flyball, 8LD, EV 93.1 MPH)
|
Top of the 3rd over - 0 runs, 0 hits, 0 errors, 0 left on base; Burlington 1 - Detroit (APP) 2 |
BOTTOM OF THE 3RD |
Detroit (APP) Tigers batting - Pitching for Burlington Royals : RHP Brian Hunt
|
Batting: RHB Juan Acero
|
0-0: Foul Ball, location: 2F 0-1: Ball 1-1: Ball 2-1: Swinging Strike 2-2: Ball 3-2: Strikes out swinging
|
Batting: RHB Nate Dabney
|
0-0: Ball 1-0: Fly out, F9 (Flyball, 89D, EV 95.0 MPH)
|
Batting: RHB Brandon Everett
|
0-0: SINGLE (Groundball, 6MD, EV 95.6 MPH)
|
Batting: RHB Norm Wood
|
0-0: Foul Ball, location: 2F 0-1: Swinging Strike 0-2: Foul Ball, location: 2F 0-2: Strikes out swinging wild pitch, reaches first! Brandon Everett to second
|
Batting: LHB Glen Boyle
|
0-0: Ball 1-0: Called Strike 1-1: Foul Ball, location: 2F 1-2: Fielders Choice at 2nd, 5-4 (Groundball, 5, EV 84.4 MPH)
|
Bottom of the 3rd over - 0 runs, 1 hit, 0 errors, 2 left on base; Burlington 1 - Detroit (APP) 2 |
TOP OF THE 4TH |
Burlington Royals batting - Pitching for Detroit (APP) Tigers : LHP Jayden Carey
|
Batting: LHB Pablo Serrato
|
0-0: Ball 1-0: Ball 2-0: Ball 3-0: Called Strike 3-1: Called Strike 3-2: Ground out 4-3 (Groundball, 4, EV 101.2 MPH)
|
Batting: RHB Mike Bearden
|
0-0: Called Strike 0-1: Called Strike 0-2: Foul Ball, location: 2F 0-2: Foul Ball, location: 2F 0-2: Strikes out swinging
|
Batting: RHB Carlos Almada
|
0-0: Ball 1-0: Ball 2-0: Called Strike 2-1: Swinging Strike 2-2: Ball 3-2: Strikes out swinging
|
Top of the 4th over - 0 runs, 0 hits, 0 errors, 0 left on base; Burlington 1 - Detroit (APP) 2 |
BOTTOM OF THE 4TH |
Detroit (APP) Tigers batting - Pitching for Burlington Royals : RHP Brian Hunt
|
Batting: LHB Timotheus Young
|
0-0: Ball 1-0: Ground out 6-3 (Groundball, 6, EV 78.1 MPH)
|
Batting: RHB Billy Verdusco
|
0-0: Called Strike 0-1: Ball 1-1: Ball 2-1: Ball 3-1: Fly out, F8 (Flyball, 8LD, EV 100.0 MPH)
|
Batting: RHB Yasutaka Yamasaki
|
0-0: Ball 1-0: Foul Ball, location: 2F 1-1: Swinging Strike 1-2: Ball 2-2: Ball 3-2: Base on Balls
|
Batting: RHB Ernst Meloche
|
0-0: Called Strike 0-1: Fly out, F7 (Flyball, 7LSF, EV 75.6 MPH)
|
Bottom of the 4th over - 0 runs, 0 hits, 0 errors, 1 left on base; Burlington 1 - Detroit (APP) 2 |
TOP OF THE 5TH |
Burlington Royals batting - Pitching for Detroit (APP) Tigers : LHP Jayden Carey
|
Batting: LHB Vicente Hernandez
|
0-0: Foul Ball, location: 2F 0-1: Foul Ball, location: 2F 0-2: Strikes out swinging
|
Batting: LHB David Bearden
|
0-0: Ball 1-0: Swinging Strike 1-1: Ball 2-1: Called Strike 2-2: Ball 3-2: Base on Balls
|
Batting: RHB Jonas Fernandez
|
0-0: Called Strike 0-1: Fly out, F6 (Popup, P, EV 89.4 MPH)
|
Batting: RHB Ian Hornsby
|
0-0: Ball 1-0: SINGLE (Groundball, 6D, EV 104.4 MPH) David Bearden to second Runner from 2nd tries for 3rd, OUT! 8-5
|
Top of the 5th over - 0 runs, 1 hit, 0 errors, 1 left on base; Burlington 1 - Detroit (APP) 2 |
BOTTOM OF THE 5TH |
Detroit (APP) Tigers batting - Pitching for Burlington Royals : RHP Brian Hunt
|
Batting: RHB Juan Acero
|
0-0: Ball 1-0: Foul Ball, location: 2F 1-1: Fly out, F8 (Flyball, 78S, EV 77.5 MPH)
|
Batting: RHB Nate Dabney
|
0-0: Ball 1-0: DOUBLE (Groundball, 5L, EV 105.0 MPH)
|
Batting: RHB Brandon Everett
|
0-0: Fly out, F8 (Flyball, 89M, EV 95.0 MPH)
|
Batting: RHB Norm Wood
|
0-0: Ball 1-0: Called Strike 1-1: Swinging Strike 1-2: Ball 2-2: Ground out 5-3 (Groundball, 56S, EV 80.0 MPH)
|
Bottom of the 5th over - 0 runs, 1 hit, 0 errors, 1 left on base; Burlington 1 - Detroit (APP) 2 |
TOP OF THE 6TH |
Burlington Royals batting - Pitching for Detroit (APP) Tigers : LHP Jayden Carey
|
Batting: RHB Carlos Santoni
|
0-0: Ball 1-0: Ball 2-0: Ball 3-0: Base on Balls
|
Batting: RHB Jon Shonka
|
0-0: Ball 1-0: Foul Ball, location: 2F 1-1: Ball 2-1: Foul Ball, location: 2F 2-2: Ball 3-2: Base on Balls Carlos Santoni to second
|
Batting: LHB Pablo Serrato
|
0-0: Ball 1-0: Ball 2-0: Foul Ball, location: 2F 2-1: 3-RUN HOME RUN (Flyball, 9D, EV 98.8 MPH), Distance : 375 ft
|
Batting: RHB Mike Bearden
|
0-0: Ball 1-0: Called Strike 1-1: Called Strike 1-2: Ball 2-2: Foul Ball, location: 2F 2-2: Ground out U3 (Groundball, 13, EV 89.4 MPH)
|
Batting: RHB Carlos Almada
|
0-0: Ball 1-0: Called Strike 1-1: SINGLE (Groundball, 6MD, EV 93.8 MPH)
|
Batting: LHB Vicente Hernandez
|
0-0: Called Strike 0-1: Foul Ball, location: 2F 0-2: Ball 1-2: Ball 2-2: Foul Ball, location: 2F 2-2: Strikes out swinging
|
Batting: LHB David Bearden
|
0-0: Called Strike 0-1: Ball 1-1: Called Strike 1-2: Foul Ball, location: 2F 1-2: Ground out 4-3 (Groundball, 34D, EV 86.2 MPH)
|
Top of the 6th over - 3 runs, 2 hits, 0 errors, 1 left on base; Burlington 4 - Detroit (APP) 2 |
BOTTOM OF THE 6TH |
Detroit (APP) Tigers batting - Pitching for Burlington Royals : RHP Brian Hunt
|
Batting: LHB Glen Boyle
|
0-0: Ball 1-0: SINGLE (Groundball, 6MD, EV 99.4 MPH)
|
Batting: LHB Timotheus Young
|
0-0: Ball 1-0: Ball 2-0: Foul Ball, location: 2F 2-1: Ball 3-1: Base on Balls Glen Boyle to second
|
Batting: RHB Billy Verdusco
|
0-0: Ball 1-0: Ball 2-0: Ball 3-0: Base on Balls Glen Boyle to third Timotheus Young to second
|
Batting: RHB Yasutaka Yamasaki
|
0-0: Ball 1-0: Ball 2-0: Ball 3-0: Base on Balls Glen Boyle scores Timotheus Young to third Billy Verdusco to second
|
Pitching: RHP Paul Gibbens
|
|
Batting: RHB Ernst Meloche
|
0-0: Ball 1-0: Ball 2-0: SINGLE (Groundball, 6MD, EV 101.2 MPH) Timotheus Young scores Billy Verdusco to third Yasutaka Yamasaki to second
|
Batting: RHB Juan Acero
|
0-0: Called Strike 0-1: Ball 1-1: Ball 2-1: Foul Ball, location: 2F 2-2: Fly out, F9 (Flyball, 9LSF, EV 77.5 MPH) Runner from 3rd tags up, SCORES, throw by RF Yasutaka Yamasaki to third
|
Batting: RHB Nate Dabney
|
0-0: Ball 1-0: Fly out, F3 (Popup, 34S, EV 80.0 MPH)
|
Batting: RHB Brandon Everett
|
0-0: Ball 1-0: Called Strike 1-1: Swinging Strike 1-2: Fly out, F9 (Line Drive, 9S, EV 98.8 MPH)
|
Bottom of the 6th over - 3 runs, 2 hits, 0 errors, 2 left on base; Burlington 4 - Detroit (APP) 5 |
TOP OF THE 7TH |
Burlington Royals batting - Pitching for Detroit (APP) Tigers : LHP Jayden Carey
|
Batting: RHB Jonas Fernandez
|
0-0: Ball 1-0: Foul Ball, location: 2F 1-1: Swinging Strike 1-2: Strikes out swinging
|
Pitching: RHP Matt Haberle
|
|
Batting: RHB Ian Hornsby
|
0-0: Ball 1-0: Ball 2-0: Foul Ball, location: 2F 2-1: Fly out, F9 (Flyball, 9LMF, EV 90.6 MPH)
|
Batting: RHB Carlos Santoni
|
0-0: Ball 1-0: Ball 2-0: Ground out 5-3 (Groundball, 25, EV 81.9 MPH)
|
Top of the 7th over - 0 runs, 0 hits, 0 errors, 0 left on base; Burlington 4 - Detroit (APP) 5 |
BOTTOM OF THE 7TH |
Detroit (APP) Tigers batting - Pitching for Burlington Royals : RHP Paul Gibbens
|
Batting: RHB Norm Wood
|
0-0: Swinging Strike 0-1: Ball 1-1: SINGLE (Groundball, 6M, EV 101.2 MPH) (infield hit)
|
Batting: LHB Glen Boyle
|
0-0: Ball 1-0: Ball 2-0: Called Strike 2-1: Foul Ball, location: 2F 2-2: Strikes out swinging
|
Batting: LHB Timotheus Young
|
0-0: Ball 1-0: Ball 2-0: Foul Ball, location: 2F 2-1: Ball 3-1: Swinging Strike 3-2: Foul Ball, location: 2F 3-2: Foul Ball, location: 2F 3-2: Strikes out swinging
|
Batting: RHB Billy Verdusco
|
0-0: Fly out, F9 (Flyball, 9LS, EV 88.8 MPH)
|
Bottom of the 7th over - 0 runs, 1 hit, 0 errors, 1 left on base; Burlington 4 - Detroit (APP) 5 |
TOP OF THE 8TH |
Burlington Royals batting - Pitching for Detroit (APP) Tigers : RHP Matt Haberle
|
Pitching: RHP Mike Santana
|
|
Batting: RHB Jon Shonka
|
0-0: Swinging Strike 0-1: Fly out, F8 (Flyball, 8RD, EV 91.9 MPH)
|
Batting: LHB Pablo Serrato
|
0-0: Ball 1-0: Called Strike 1-1: Foul Ball, location: 2F 1-2: Ball 2-2: Ball 3-2: Foul Ball, location: 2F 3-2: Strikes out looking
|
Batting: RHB Mike Bearden
|
0-0: Called Strike 0-1: Called Strike 0-2: Strikes out looking
|
Top of the 8th over - 0 runs, 0 hits, 0 errors, 0 left on base; Burlington 4 - Detroit (APP) 5 |
BOTTOM OF THE 8TH |
Detroit (APP) Tigers batting - Pitching for Burlington Royals : RHP Paul Gibbens
|
Batting: RHB Yasutaka Yamasaki
|
0-0: Ball 1-0: Ball 2-0: Called Strike 2-1: Ball 3-1: Foul Ball, location: 2F 3-2: Ground out 5-3 (Groundball, 5S, EV 75.6 MPH)
|
Batting: RHB Ernst Meloche
|
0-0: Ball 1-0: Swinging Strike 1-1: Ball 2-1: Ball 3-1: Base on Balls
|
Batting: RHB Juan Acero
|
0-0: Called Strike 0-1: Ball 1-1: Foul Ball, location: 2F 1-2: Strikes out swinging
|
Pitching: RHP Jim Haggart
|
|
Batting: RHB Nate Dabney
|
0-0: Ball 1-0: Called Strike 1-1: Ball 2-1: Foul Ball, location: 2F 2-2: Strikes out swinging
|
Bottom of the 8th over - 0 runs, 0 hits, 0 errors, 1 left on base; Burlington 4 - Detroit (APP) 5 |
TOP OF THE 9TH |
Burlington Royals batting - Pitching for Detroit (APP) Tigers : RHP Mike Santana
|
Now at 2B: Salvador Lacosta
|
|
Now in LF: Isao Fukui
|
|
Batting: RHB Carlos Almada
|
0-0: Foul Ball, location: 2F 0-1: Ball 1-1: Ball 2-1: Foul Ball, location: 2F 2-2: DOUBLE (Line Drive, 7LS, EV 103.1 MPH)
|
Batting: LHB Vicente Hernandez
|
0-0: Called Strike 0-1: Ball 1-1: Foul Ball, location: 2F 1-2: Strikes out swinging
|
Batting: LHB David Bearden
|
0-0: Foul Ball, location: 2F 0-1: Foul Ball, location: 2F 0-2: Ground out U3 (Groundball, 3, EV 80.6 MPH) Carlos Almada to third
|
Batting: RHB Jonas Fernandez
|
0-0: Foul Ball, location: 2F 0-1: Ball 1-1: Ball 2-1: Ball Wild Pitch! Carlos Almada scores 3-1: Base on Balls
|
Batting: RHB Ian Hornsby
|
0-0: DOUBLE (Line Drive, 89D, EV 101.2 MPH) Jonas Fernandez to third
|
Batting: RHB Carlos Santoni
|
0-0: Called Strike 0-1: Ball 1-1: Foul Ball, location: 2F 1-2: Foul Ball, location: 2F 1-2: Strikes out swinging
|
Top of the 9th over - 1 run, 2 hits, 0 errors, 2 left on base; Burlington 5 - Detroit (APP) 5 |
BOTTOM OF THE 9TH |
Detroit (APP) Tigers batting - Pitching for Burlington Royals : RHP Jim Haggart
|
Batting: LHB Isao Fukui
|
0-0: Ball 1-0: Foul Ball, location: 2F 1-1: Ball 2-1: Ball 3-1: Base on Balls
|
Batting: RHB Norm Wood
|
0-0: Ball 1-0: Called Strike 1-1: Called Strike 1-2: Ball 2-2: Strikes out swinging
|
Batting: LHB Glen Boyle
|
0-0: Ball 1-0: Swinging Strike 1-1: Ball 2-1: Ball 3-1: Base on Balls Isao Fukui to second
|
Pinch Hitting: RHB Seth Fox
|
0-0: Ball 1-0: Foul Ball, location: 2F 1-1: Ball 2-1: Called Strike 2-2: Ball 3-2: Base on Balls Isao Fukui to third Glen Boyle to second
|
Batting: RHB Billy Verdusco
|
0-0: Called Strike 0-1: Ball 1-1: Ball 2-1: Grounds into fielders choice 6-2 (Groundball, 4MS, EV 61.9 MPH) Glen Boyle to third Seth Fox to second
|
Batting: RHB Yasutaka Yamasaki
|
0-0: Called Strike 0-1: Foul Ball, location: 2F 0-2: Foul Ball, location: 2F 0-2: Ball 1-2: Foul Ball, location: 2F 1-2: Ball 2-2: Foul Ball, location: 2F 2-2: Ball 3-2: Foul Ball, location: 2F 3-2: Base on Balls Glen Boyle scores Seth Fox to third Billy Verdusco to second
|
Bottom of the 9th over - 1 run, 0 hits, 0 errors, 3 left on base; Burlington 5 - Detroit (APP) 6 |
|